 Dungeon Crawl Stone Soup version 0.17.1-3-g152610e (webtiles) character file.

175 Gargoyl the Skirmisher (level 5, -7/42 HPs)
             Began as a Demonspawn Abyssal Knight on Mar 6, 2016.
             Was a Priest of Lugonu.
             Mangled by an ogre
             ... wielding a +0 giant spiked club
              (27 damage)
             ... on level 4 of the Dungeon.
             The game lasted 00:06:18 (3951 turns).

Gargoyl the Skirmisher (Demonspawn Abyssal Knight)  Turns: 3951, Time: 00:06:18

Health: -7/42      AC: 16    Str: 13    XL:     5   Next: 29%
Magic:  7/7        EV:  3    Int: 14    God:    Lugonu [***...]
Gold:   130        SH:  3    Dex: 12    Spells: 0 memorised, 4 levels left

rFire  . . .     SeeInvis .     a - +1 hand axe
rCold  . . .     Clarity  .     m - +0 plate armour
rNeg   . . .     SustAt   .     r - +0 buckler
rPois  .         Gourm    .     p - +0 helmet
rElec  .         Spirit   .     e - +0 cloak
rCorr  .         Warding  .     b - +0 pair of gloves
rMut   .         Stasis   .     (no boots)
MR     .....                    (no amulet)
Stlth  ..........               (no ring)
                                (no ring)

@: not resistant to hostile enchantments, extremely unstealthy
A: thin metallic scales 1
a: Depart the Abyss, Bend Space, Banish, Renounce Religion


You were on level 4 of the Dungeon.
You worshipped Lugonu.
Lugonu was most pleased with you.
You were not hungry.

You visited 1 branch of the dungeon, and saw 4 of its levels.
You visited the Abyss 1 time.

You collected 130 gold pieces.

Inventory:

Hand Weapons
 a - a +1 hand axe (weapon)
 n - a +0 flail
Armour
 b - a +0 pair of gloves (worn)
 e - a +0 cloak (worn)
 m - a +0 plate armour (worn)
 p - a +0 helmet (worn)
 r - a +0 buckler (worn)
Jewellery
 x - a cursed amulet of warding {unknown}
Wands
 o - a wand of frost (15)
Scrolls
 d - 2 scrolls of identify {unknown}
 f - 3 scrolls of remove curse {unknown}
 l - a scroll of teleportation {unknown}
 q - a scroll of random uselessness {unknown}
 s - a scroll of recharging {unknown}
Potions
 g - a potion of might {unknown}
 h - 2 potions of ambrosia {unknown}
 i - a potion of curing
 j - a potion of degeneration {unknown}
 k - a potion of brilliance {unknown}
 t - a potion of poison {unknown}
 w - a potion of mutation {unknown}
Comestibles
 c - 3 bread rations
 u - a slice of pizza
 v - a royal jelly


   Skills:
 + Level 4.0 Fighting
 + Level 2.4 Axes
 + Level 2.7 Armour
 + Level 2.5 Dodging
 + Level 0.2 Stealth
 + Level 0.6 Shields
 + Level 2.8 Invocations


You had 4 spell levels left.
You didn't know any spells.

Dungeon Overview and Level Annotations

Branches:
Dungeon (4/15)
 Temple: D:4-7

Altars:
Gozag
The Shining One


Innate Abilities, Weirdness & Mutations

You are partially covered in thin metallic scales (AC +2).


Message History

Found 16 stones.
An ogre comes into view. It is wielding a giant spiked club.
The ogre shouts!
Found a meat ration.
You hit the ogre.
The ogre is lightly wounded.
The ogre hits you with a giant spiked club.
You completely miss the ogre.
The ogre is lightly wounded.
You hit the ogre but do no damage.
The ogre is lightly wounded.
The ogre hits you with a giant spiked club!
You hit the ogre.
The ogre is lightly wounded.
The ogre barely misses you.
You hit the ogre but do no damage.
The ogre is lightly wounded.
The ogre hits you with a giant spiked club!!
Ouch! That really hurt!
You die...

#.........#.#.#
#.##.####.#.#.# #.##.#
#.#.#.#
######.##.####.#.#.#
..................... #
..########.####......
#.. .........#.........
###..########.#.........
#......@......+.........
#..(.#.O#######.........
### #..# #.........
....# #......... #.##.#
... .%. .## #.# ...


You could see an ogre.

Vanquished Creatures
  Ijyb (D:2)
  Robin (D:2)
  2 adders (D:2)
  3 oozes
  2 worms (D:2)
  4 giant geckos
  5 orcs (D:3)
  A ball python (D:1)
  6 bats
  3 giant cockroaches (D:2)
  17 hobgoblins
  7 jackals
  9 kobolds
  A quokka (D:2)
  7 giant newts
  16 goblins
  7 rats
92 creatures vanquished.

Vanquished Creatures (others)
  A goblin (D:2)
1 creature vanquished.

Grand Total: 93 creatures vanquished

Notes
Turn   | Place    | Note
--------------------------------------------------------------
     0 | Abyss:1  | Gargoyl the Demonspawn Abyssal Knight began the quest for the Orb.
     0 | Abyss:1  | Reached XP level 1. HP: 18/18 MP: 2/2
    70 | Abyss:1  | Noticed a starcursed mass
    92 | Abyss:1  | Noticed a spatial maelstrom
    93 | Abyss:1  | Noticed a spatial vortex
    95 | D:1      | Escaped the Abyss
   479 | D:1      | Gained mutation: You are partially covered in thin metallic scales (AC +2). [demonic ancestry]
   479 | D:1      | Reached XP level 2. HP: 21/24 MP: 3/3
   674 | D:1      | Reached skill level 1 in Dodging
   698 | D:1      | Reached * piety under Lugonu
  1140 | D:1      | Reached XP level 3. HP: 29/29 MP: 4/4
  2043 | D:2      | Noticed Robin
  2047 | D:2      | Reached ** piety under Lugonu
  2051 | D:2      | Reached XP level 4. HP: 13/37 MP: 6/6
  2057 | D:2      | Killed Robin
  2589 | D:2      | Found an opulent altar of Gozag.
  2705 | D:2      | Noticed Ijyb
  2723 | D:2      | Killed Ijyb
  2978 | D:3      | Reached XP level 5. HP: 39/42 MP: 7/7
  3105 | D:3      | Reached *** piety under Lugonu
  3297 | D:3      | Found a glowing golden altar of the Shining One.
  3440 | D:3      | Reached skill level 4 in Fighting
  3945 | D:4      | Noticed an ogre
  3951 | D:4      | Mangled by an ogre

Action                   |  1- 3 |  4- 6 || total
-------------------------+-------+-------++-------
Melee: Hand axe          |   165 |   168 ||   333
Invok: Depart the Abyss  |     1 |       ||     1
  Use: Potion            |       |     1 ||     1
  Eat: Bread ration      |     1 |     1 ||     2
       Chunk             |       |     5 ||     5
